Cogmind - Beta 12 @@@ ROGUE MODE // 2023.11.11 @ 18:17:49 Player: epb Result: Destroyed by H-55 Commando with Gauss Rifle Performance ------------- Evolutions (2) 1000 Regions Visited (4) 800 Robots Destroyed (35) 175 Value Destroyed (824) 824 Prototype IDs (4) 80 Alien Tech Used (0) 0 Bonus (-21) -21 TOTAL SCORE: 2858 Bonus ------- Friendly Fire -21 Cogmind --------- Core Integrity 0/550 Matter 300/300 Energy 76/100 System Corruption 0% Temperature Critical (529) Movement Core (50) Location -8/Materials Parts ------- > --- POWER (2) -------- (None) > --- PROPULSION (4) --- (None) > --- UTILITY (2) ------ Advanced Targeting Computer > --- WEAPON (3) ------- (None) > --- INVENTORY (5) ---- Combat Airjet Peak State ------------ > --- POWER ------------ Improved Deuterium Engine Light Angular Momentum Engine > --- PROPULSION ------- Medium Treads Medium Treads Medium Treads Medium Treads > --- UTILITY ---------- Experimental Sensor Array Advanced Targeting Computer > --- WEAPON ----------- Gatling Laser Advanced Beam Cannon > --- INVENTORY -------- Combat Airjet Beamcaster [Rating: 45] Favorites ----------- Power Light Ion Engine Engine Light Ion Engine Propulsion Medium Treads Treads Medium Treads Wheel Wheel Hover Unit Combat Airjet Flight Unit VTOL Module Utility Experimental Sensor Array Device Experimental Sensor Array Processor Advanced Targeting Computer Protection Weapon Shielding Weapon Plasma Cannon Energy Gun EM Pulse Gun Energy Cannon Plasma Cannon Launcher Grenade Launcher Special Weapon Plasma Cutter Special Melee Weapon Datajack Build | -11 -10 -9 -9 -8 ------- Run | Jun Mat Mat Min Mat Slots Evolved 4 | . . 2 . 2 Power 1 | . . 1 . . Propulsion 2 | . . . . 2 Utility . | . . . . . Weapon 1 | . . 1 . . Parts Attached 58 | 6 14 14 11 13 Power 7 | 1 1 . 2 3 Engine 7 | 1 1 . 2 3 Core . | . . . . . Reactor . | . . . . . Propulsion 17 | 2 2 6 3 4 Treads 4 | . . . . 4 Leg . | . . . . . Wheel 2 | 2 . . . . Hover 1 | . . . 1 . Flight 10 | . 2 6 2 . Utility 9 | 1 3 1 3 1 Device 6 | 1 2 . 3 . Storage . | . . . . . Processor 2 | . . 1 . 1 Hackware . | . . . . . Protection 1 | . 1 . . . Artifact . | . . . . . Weapon 25 | 2 8 7 3 5 Energy Gun 12 | 2 2 4 2 2 Energy Cannon 9 | . 3 3 1 2 Ballistic Gun . | . . . . . Ballistic Cannon . | . . . . . Launcher 1 | . 1 . . . Special Weapon 2 | . 2 . . . Impact Weapon . | . . . . . Slashing Weapon . | . . . . . Piercing Weapon . | . . . . . Special Melee Weapon 1 | . . . . 1 Unidentified Prototypes 4 | . 2 1 1 . Parts Lost 25 | . 3 6 5 11 Power 5 | . 1 . 1 3 Propulsion 10 | . . 4 2 4 Utility 4 | . 1 . 2 1 Weapon 6 | . 1 2 . 3 Highest Loss Streak 11 | . 3 6 2 11 To Critical Strikes 1 | . . . . 1 Average Slot Usage (%) 66 | . 67 59 53 78 Engine 12 | . 9 11 9 15 Treads 8 | . . . . 22 Hover 1 | . . . . 3 Flight 13 | . 23 16 17 2 Device 9 | . 7 11 11 8 Processor 2 | . . 2 . 4 Energy Gun 7 | . 14 13 5 . Energy Cannon 8 | . 1 5 7 12 Special Melee Weapon 2 | . . . . 6 Naked Turns . | . . . . . Heaviest Build 28 | 8 16 16 18 28 Greatest Support 112 | 20 20 14 12 112 Greatest Overweight (x) 5 | . 2 5 4 4 Average Overweight (x) . | . . . . . Largest Inventory Capacity 5 | 5 5 5 5 5 Average Capacity 5 | 5 5 5 5 5 Most Carried 5 | 2 5 5 4 5 Average Carried 2 | . 2 3 2 2 Final Capacity 5 | 5 5 5 5 5 Final Carried 4 | . 4 2 3 1 Class Distribution -------------------- 60% | Mutant 27% | Sprinter 12% | Scavenger-Mutant Dominant Class ---------------- Sprinter | -10/Materials Sprinter | -9/Materials Mutant | -9/Mines Mutant | -8/Materials Resources | -11 -10 -9 -9 -8 ----------- Run | Jun Mat Mat Min Mat Matter Collected 717 | 260 86 82 202 87 Remotely . | . . . . . Salvage Created 874 | 44 167 214 104 345 Parts 70 | 3 8 19 10 30 Haulers Intercepted . | . . . . . Recyclers Shooed . | . . . . . Parts Field Recycled . | . . . . . Retrieved Matter . | . . . . . Parts Self-Destructed . | . . . . . Prevented . | . . . . . Kills | -11 -10 -9 -9 -8 ------- Run | Jun Mat Mat Min Mat Combat Hostiles Destroyed 29 | 1 5 8 8 7 Guns 13 | 1 3 4 4 1 Cannons 14 | . . 4 4 6 AOE 2 | . 2 . . . Classes Destroyed 6 | 1 1 2 1 1 Builder 4 | . . . . 4 Watcher 2 | . 1 1 . . Swarmer 15 | . . 6 7 2 Grunt 11 | 1 5 1 . 4 Sentry 2 | . . 1 . 1 Demolisher 1 | . . . 1 . Best Kill Streak 10 | 1 4 7 4 10 Combat Bots Only 7 | 1 3 7 4 7 Max Kills in Single Turn 2 | 1 1 1 1 2 Gunslinging . | . . . . . Exploded 1 | . 1 . . . Melee . | . . . . . Uniques/NPCs Destroyed . | . . . . . Combat | -11 -10 -9 -9 -8 -------- Run | Jun Mat Mat Min Mat Damage Taken 2786 | 33 178 666 349 1560 Core 900 | . 10 227 96 567 Absorbed by Shields . | . . . . . Core Remaining (%) 71 | 100 96 . 19 . Volleys Fired 95 | 2 24 21 21 27 Largest 2 | 2 2 2 1 2 Hottest 148 | 80 80 136 80 148 Shots Fired 142 | 4 35 39 21 43 Gun 80 | 4 30 29 12 5 Cannon 57 | . . 10 9 38 Launcher 5 | . 5 . . . Special . | . . . . . Kinetic . | . . . . . Thermal 103 | . . 39 21 43 Explosive 5 | . 5 . . . Electromagnetic 34 | 4 30 . . . Robot Hit Streak 5 | 3 5 4 5 3 Robot Miss Streak 10 | . 2 5 10 7 Penetration Max . | . . . . . Secondary Targets 1 | . . 1 . . Max Gunslinging Chain 1 | . . 1 . . Shots Hit Robots 82 | 3 21 17 15 26 Core Hits 48 | 1 11 10 8 18 Critical Kills . | . . . . . Critical Parts Destroyed . | . . . . . Critical Strikes 1 | . 1 . . . Corrupt 1 | . 1 . . . Melee Attacks 3 | . . . . 3 Impact . | . . . . . Slashing . | . . . . . Piercing . | . . . . . Sneak Attacks 3 | . . . . 3 Combat Hostiles . | . . . . . Follow-up Attacks . | . . . . . Damage Inflicted 1708 | 53 525 323 179 628 Guns 714 | 53 262 221 76 102 Cannons 731 | . . 102 103 526 Explosions 263 | . 263 . . . Melee . | . . . . . Ramming . | . . . . . Kinetic . | . . . . . Thermal 1209 | . 79 323 179 628 Explosive 184 | . 184 . . . Electromagnetic 315 | 53 262 . . . Impact . | . . . . . Slashing . | . . . . . Piercing . | . . . . . Highest Corruption 1 | . 1 . . . Average Corruption 1 | . 1 . . . Corruption Purged . | . . . . . Corruption Blocked . | . . . . . Effects 1 | . 1 . . . Message Errors 1 | . 1 . . . Overload Shots . | . . . . . Overflow Damage 7 | . . . . 7 Projectiles 7 | . . . . 7 Explosions . | . . . . . Melee . | . . . . . Knockbacks . | . . . . . Impact . | . . . . . Kinetic . | . . . . . Secondary . | . . . . . Self-Inflicted Damage . | . . . . . Shots . | . . . . . Rammed . | . . . . . Targets Rammed . | . . . . . Kicked . | . . . . . Crushed . | . . . . . Highest Temperature 1106 | 48 43 305 188 1106 Average Temperature 246 | 27 16 121 81 524 Received Heat Transfer 450 | 18 99 18 . 315 Effects 42 | . . 3 . 39 Shutdowns 6 | . . . . 6 Energy Bleed 7 | . . 1 . 6 Interference 10 | . . 2 . 8 Short Circuit 6 | . . . . 6 Damage (minor) 4 | . . . . 4 Damage (major) 5 | . . . . 5 Damage (core) 4 | . . . . 4 Siege Activations . | . . . . . Robots Corrupted . | . . . . . Combat Hostiles . | . . . . . Parts Fried 4 | . 4 . . . Impact Corruptions . | . . . . . Robots Melted . | . . . . . Combat Hostiles . | . . . . . Parts Melted 5 | . . 4 1 . Heat Transferred 2430 | . 150 703 360 1217 Parts Sabotaged . | . . . . . Parts Stolen . | . . . . . Parts Stripped . | . . . . . Power Chain Reactions 1 | . 1 . . . Missiles Intercepted . | . . . . . Alert | -11 -10 -9 -9 -8 ------- Run | Jun Mat Mat Min Mat Peak Influence 339 | 20 146 264 283 339 Initial 109 | . 13 61 108 109 Average 149 | 3 90 138 228 157 Maximum Alert Level 1 | . . 1 1 1 Low Security (%) 75 | 100 100 79 45 79 Level 1 24 | . . 20 54 20 Level 2 . | . . . . . Level 3 . | . . . . . Level 4 . | . . . . . Level 5 . | . . . . . High Security . | . . . . . Max Security . | . . . . . Squads Dispatched 3 | . 1 2 . . Investigation 1 | . 1 . . . Extermination . | . . . . . Reinforcement 2 | . . 2 . . Assault . | . . . . . Garrison . | . . . . . Intercept . | . . . . . Searches Triggered . | . . . . . Construction Impeded . | . . . . . Haulers Reinforced . | . . . . . Active Scanning Responses . | . . . . . Cargo Convoy Interrupts . | . . . . . Stealth | -11 -10 -9 -9 -8 --------- Run | Jun Mat Mat Min Mat Distress Signals 6 | . 1 3 1 1 Communications Jammed . | . . . . . Distress Signals . | . . . . . Times Spotted 49 | 1 6 11 11 20 Peak Tracking Total 9 | 1 3 9 4 7 Tactical Retreats 2 | . . . 1 1 Traps | -11 -10 -9 -9 -8 ------- Run | Jun Mat Mat Min Mat Traps Triggered 1 | . . . 1 . Indirectly . | . . . . . Trap Hack Attempts . | . . . . . Triggered . | . . . . . Disarmed . | . . . . . Reprogrammed . | . . . . . Reused . | . . . . . Traps Extracted . | . . . . . Installed . | . . . . . Triggered . | . . . . . Machines | -11 -10 -9 -9 -8 ---------- Run | Jun Mat Mat Min Mat Machines Disabled 4 | . . . . 4 Max in Single Turn 1 | . . . . 1 Machines Repaired . | . . . . . Machines Sabotaged . | . . . . . Overloaded Fab Kills . | . . . . . Hacking | -11 -10 -9 -9 -8 --------- Run | Jun Mat Mat Min Mat Machines Accessed 8 | . 1 4 1 2 Terminals 5 | . . 3 . 2 Fabricators . | . . . . . Repair Stations 1 | . . 1 . . Recycling Units 1 | . 1 . . . Scanalyzers . | . . . . . Garrison Access . | . . . . . Total Hacks 16 | . 2 7 1 6 Successful 6 | . . 3 1 2 Failed 10 | . 2 4 . 4 Catastrophic 1 | . 1 . . . Database Lockouts . | . . . . . Manual . | . . . . . Terminals 12 | . . 6 . 6 Fabricators . | . . . . . Repair Stations 1 | . . 1 . . Recycling Units 2 | . 2 . . . Scanalyzers . | . . . . . Garrison Access . | . . . . . Terminal Hacks 6 | . . 3 1 2 Record 1 | . . 1 . . Open Door 1 | . . . 1 . Alert Level 2 | . . 1 . 1 Zone Layout 2 | . . 1 . 1 Fabricator Hacks . | . . . . . Repair Station Hacks . | . . . . . Recycling Unit Hacks . | . . . . . Scanalyzer . | . . . . . Garrison Access Hacks . | . . . . . Unauthorized Hacks . | . . . . . Terminals . | . . . . . Fabricators . | . . . . . Repair Stations . | . . . . . Recycling Units . | . . . . . Scanalyzers . | . . . . . Garrison Access . | . . . . . Data Cores Recovered . | . . . . . Used . | . . . . . Hacking Detections 5 | . 1 2 . 2 Full Trace Events 2 | . 1 1 . . Feedback Events 1 | . 1 . . . Corruption 1 | . 1 . . . Feedback Blocked . | . . . . . Robot Schematics Acquired . | . . . . . Robots Built . | . . . . . Authchips . | . . . . . Time . | . . . . . Total Robot Build Rating . | . . . . . Part Schematics Acquired . | . . . . . Parts Built . | . . . . . Authchips . | . . . . . Time . | . . . . . Total Part Build Rating . | . . . . . Parts Repaired . | . . . . . Time . | . . . . . Parts Recycled . | . . . . . Recycled Matter . | . . . . . Retrieved Matter . | . . . . . Retrieved Components . | . . . . . Parts Scanalyzed . | . . . . . Part Schematics Acquired . | . . . . . Parts Damaged . | . . . . . Bothacking | -11 -10 -9 -9 -8 ------------ Run | Jun Mat Mat Min Mat Used RIF Installer . | . . . . . Robots Hacked 2 | . . . . 2 Non-combat 2 | . . . . 2 Combat . | . . . . . Robot Hacks Applied 3 | . . . . 3 no_distress 3 | . . . . 3 Relay Couplers Released . | . . . . . Fabnet Peak Effective % . | . . . . . Robots Rewired . | . . . . . Allies Hacked . | . . . . . Hacks Repelled . | . . . . . Allies | -11 -10 -9 -9 -8 -------- Run | Jun Mat Mat Min Mat Total Allies . | . . . . . Largest Group . | . . . . . Highest-Rated Group . | . . . . . Highest-Rated Ally . | . . . . . Total Orders . | . . . . . Ally Attacks . | . . . . . Total Damage . | . . . . . Kills . | . . . . . Allies Corrupted . | . . . . . Allies Melted . | . . . . . Intel | -11 -10 -9 -9 -8 ------- Run | Jun Mat Mat Min Mat Robot Analysis Total . | . . . . . Derelict Logs Recovered 1 | . . . 1 . Drone Launches . | . . . . . Drone Recoveries . | . . . . . Exploration | -11 -10 -9 -9 -8 ------------- Run | Jun Mat Mat Min Mat Turns Passed 1152 | 73 200 213 280 386 Spaces Moved 1164 | 77 241 338 302 206 Core 38 | 21 2 4 6 5 Treads 94 | . . . . 94 Legs . | . . . . . Wheels 97 | 56 41 . . . Hover 129 | . . . 22 107 Flight 806 | . 198 334 274 . Fastest Speed 32 | 50 32 32 34 80 Average Speed 67 | 71 42 38 70 137 Slowest Speed 360 | 80 150 300 360 250 Overloaded Moves . | . . . . . Propulsion Burnouts . | . . . . . Robots Hopped 7 | . 1 6 . . Cave-ins Triggered . | . . . . . Exploration Rate (%) 25 | 5 26 29 46 22 Regions Visited 4 Branch Regions 1 Pre-discovered Areas 1 | . . . 1 . Known Exits Taken . | . . . . . Unknown Exits Taken 4 | 1 1 1 1 . Scrap Searched . | . . . . . Spaces Dug . | . . . . . Terrain Destroyed 36 | . 31 . . 5 Melee . | . . . . . Projectile 5 | . . . . 5 AOE 31 | . 31 . . . Terrain Rammed . | . . . . . Walls Destroyed . | . . . . . Machines Disabled . | . . . . . Actions | -11 -10 -9 -9 -8 --------- Run | Jun Mat Mat Min Mat Total 1385 | 90 305 376 347 267 Wait . | . . . . . Move 1146 | 76 238 325 301 206 Hop 7 | . 1 6 . . Pick Up 47 | 6 16 5 9 11 Fast Attach . | . . . . . Attach 50 | 6 10 11 10 13 Detach 10 | . 2 4 3 1 Swap 8 | . 4 3 1 . Drop 19 | . 10 1 2 6 Fire 95 | 2 24 21 21 27 Melee 3 | . . . . 3 Ram . | . . . . . Kick . | . . . . . Crush . | . . . . . Escape Stasis . | . . . . . Rewire . | . . . . . Trap . | . . . . . Miscellaneous . | . . . . . Route ------- -11/Junkyard -10/Materials -9/Materials -9/Mines -8/Materials History --------- Turn | Location | Event 2 | -11/Junkyard | Met Revision 17 53 | -11/Junkyard | Discovered new exit (range 8) 74 | -11/Junkyard | Entered Materials 187 | -10/Materials | Lost 3 parts (1p1u1w) 196 | -10/Materials | Discovered new exit (range 15) 274 | -10/Materials | Entered another Materials area 274 | -9/Materials | Evolved 2 slots: Power x1, Weapon x1 391 | -9/Materials | Build established: Sprinter 423 | -9/Materials | Core integrity fell below 50% 468 | -9/Materials | Destroyed 7 combat bots 468 | -9/Materials | Lost 6 parts (4n2w) 479 | -9/Materials | Discovered new exit (range 13) 487 | -9/Materials | Entered Mines 509 | -9/Mines | Learned 2 Materials zone layouts 527 | -9/Mines | Learned location of Storage (-8) 550 | -9/Mines | Met a Derelict who couldn't figure out how to use a Trap Extractor 586 | -9/Mines | Found a damaged Exp. Sensor Array with a note attached 589 | -9/Mines | Found Prototype Device 613 | -9/Mines | Identified Exp. Sensor Array 650 | -9/Mines | Core integrity fell below 20% 700 | -9/Mines | Build established: Mutant 718 | -9/Mines | Assembled infested the area 723 | -9/Mines | Assisted by a Guerilla fighting off Assembled 746 | -9/Mines | Discovered new exit (range 6) 767 | -9/Mines | Entered Materials 767 | -8/Materials | Evolved 2 slots: Propulsion x2 1129 | -8/Materials | Core integrity fell below 50% 1146 | -8/Materials | Core integrity fell below 20% 1153 | -8/Materials | Destroyed by H-55 Commando with Gauss Rifle Last Messages --------------- Broken Med. Treads destroyed. Exp. Sensor Array destroyed. Critical hit (Destroy). Broken Med. Treads destroyed. Overheating: System interference. Gatling Laser temporarily disabled. Overheating: Energy bleed (-5). Broken Med. Treads destroyed. K-01 Serf collects debris. Power failure, Lgt. Angular Momentum Engine shutdown. Penetrated by Slug. Overheating: Energy bleed (-6). K-01 Serf collects debris. Slug penetrates Terminal. Terminal disabled. Penetrated by Slug. Gatling Laser destroyed. K-01 Serf collects debris. Lgt. Angular Momentum Engine destroyed. Penetrated by Slug. Map ----- +----------------------------------------------------+ | # #####+###???????# ???????????????????????????? | | # #?????????# ???????????????????????????? | | # ########??# ""???????????????????????????? | | # # #??#"""???????????????????????????? | | # # #??#"""???????????????????????????? | | #+##### # #??#"""???????????????????????????? | | ## # #??# ""???????????????????????????? | | " ## # #??# ???????????????????????????? | | G" ## # #??# ???????????????????????????? | | " ## ##+###########?????? ??????????????????? | | ## + ?????# ???????????#######? | | ???????????????????????????# #??????????# #? | | ???????????????????????????# #??????????# #? | | ???????????????????????????# #??????????# #? | | ???????????????????????????# #??????????# #? | | ???????????????????????????# #??????????# #? | | ??????????????????? ######## #??######### #? | | ???????????????????? h #??? ## #? | | ????????????????????? #??? """ =## #? | | ????????????????????? a #????""" ?# #? | | ????????????????????? """ T #????""" !?# #? | | ???????????????????? """""^ "s=#????? ## #? | | ???????????????# """"" *#????? ]?# ## | | ???????????????# [ """" ss%#######+######+### | | ???????????????# """k![ !][ =%| !%= | | ???????????????+ m w @!%!==!=% !! | | ???????????????# h [%%[ =%!%= T | | ???????????????# ###+######+########## | | ???????????????# ????? ###= #???# | | ???????????????#???????? #?#""" #???# ^ | | ???????????????????????? #?#""" #???# / | | ????????????????????????" " #?#""" #???# % | | ????????????????????????"R" #?#""" #???# * | | ????????????????????????""" #?# #???# !! % | | ????????????????????????#####?########???# !! = | | ?????????????????????????????????????????# | | ?????????????????????????????????????????#% | | ?????????????????????????????????????????#! | | ?????????????????????????????????????????# | | ????????????????????????????????########## ^ | | ????????????????????????????????# # | | ????????????????????????????????# ! " # """ | | ????????????????????????????????# T # %"" | | ????????????????????????????????#[ # """ | | ???????????????????????????????#" + | | ???????????????????????????????## * """ # | | ????????????????????????????????# """ ####+### | | ????????????????????????????????# """ ## ## | | ????????????????????????????????# ## """ #? | | ????????????????????????????????####+###### """ #? | +----------------------------------------------------+ Best States ------------- Heat Dissipation 35 Energy Generation 25 Energy Capacity 330 Matter Stores 300 Matter Capacity 300 Sight Range 18 Robot Scan Range 20 Terrain Scan Density 10 ECM Strength 2 Additional Mass Support 6 Weapon Shielding 33 Evasion (%) 63 Targeting Accuracy 8 Recoil Reduction 4 Trap Extractor Capacity 6 Item Schematics ----------------- None Robot Schematics ------------------ None Fabricated ------------ Nothing Alien Tech Used ----------------- None Achievements -------------- None Challenges ------------ None Game ------ Seed SystemAntigravSource Manual? 0 Play Time 00:32:17 Cumulative 8.1 hours Start 2023.11.11 @ 17:47:24 End 2023.11.11 @ 18:17:49 Sessions 1 Manual Loads 0 Difficulty Rogue Special Mode None Game No. 22 Rogue 22 Adventurer 0 Explorer 0 Win Type - Total 0 Types 0/0/0/0/0/0/0/0/0 Lore% 7 Gallery% 15 Achievement% 12 Wizard Run 0 Options --------- ASCII 0 Keyboard 0 Movement Arrows Keybinds 0 Fullscreen 2 Font 14/SmallcapsGlow Map View 72x54 Tactical HUD 0 Map Filters NONE Filters NONE Steam X RUN: 895813fd-2a60-4a09-ab26-4643f100624e